 Dungeon Crawl Stone Soup version 0.30.1-9-gdf580d7c3d (webtiles) character file.

Game seed: 15532877051989647709

8988 lonewolfV2 the Fighter (level 11, -1/95 HPs)
             Began as a Demonspawn Fighter on Oct 24, 2023.
             Was a Priest of Okawaru.
             Slain by a komodo dragon (18 damage)
             ... on level 11 of the Dungeon.
             The game lasted 00:16:19 (12073 turns).

lonewolfV2 the Fighter (Demonspawn Fighter)        Turns: 12073, Time: 00:16:20

Health: -1/95      AC: 23    Str: 24    XL:     11   Next: 17%
Magic:  13/13      EV:  7    Int:  9    God:    Okawaru [***...]
Gold:   870        SH: 13    Dex: 26    Spells: 10/10 levels left

rFire   . . .        a - +1 war axe (protect)
rCold   . . .        B - +0 kite shield
rNeg    . . .        p - +6 chain mail of Oblivion {rPois Str+4}
rPois   +            (helmet restricted)
rElec   .            r - +0 cloak
rCorr   .            m - +0 pair of gloves
SInv    .            (no boots)
Will    .....        (no amulet) Stlth
                     g - +6 ring of dexterity
HPRegen 0.35/turn    M - +6 ring of dexterity
MPRegen 0.13/turn

%: no passive effects
@: sanguine armoured
A: horns 1, foul stench 3, powered by pain 1, sanguine armour 1
a: Renounce Religion, Heroism


You were on level 11 of the Dungeon.
You worshipped Okawaru.
Okawaru was most pleased with you.
You visited 2 branches of the dungeon, and saw 12 of its levels.

You collected 935 gold pieces.
You spent 65 gold pieces at shops.

Inventory:

Hand Weapons
 a - a +1 war axe of protection (weapon)
Missiles
 F - 2 throwing nets (quivered)
Armour
 b - a +0 scale mail
 m - a +0 pair of gloves (worn)
 p - the +6 chain mail of Oblivion (worn) {rPois Str+4}
   (You found it on level 4 of the Dungeon)

   Str:       It affects your strength (+4).
   rPois:     It protects you from poison.
 r - a +0 cloak (worn)
 y - a +0 helmet
 B - a +0 kite shield (worn)
Jewellery
 c - a ring of willpower
 g - a +6 ring of dexterity (left hand)
 i - a ring of wizardry
 v - a ring of poison resistance
 G - a ring of ice
 M - a +6 ring of dexterity (right hand)
 P - a +4 ring of protection
Wands
 o - a wand of roots (14)
 q - a wand of polymorph (16)
 s - a wand of charming (20)
 w - a wand of flame (60)
 z - a wand of light (7)
 D - a wand of digging (4)
Scrolls
 e - 6 scrolls of teleportation
 j - a scroll of enchant armour
 t - 2 scrolls of noise
 x - a scroll of fog
 A - 2 scrolls of identify
 C - a scroll of poison
 E - 2 scrolls of silence
 H - a scroll of fear
 J - a scroll of amnesia
Potions
 d - 2 potions of might
 f - 2 potions of invisibility
 h - a potion of mutation
 k - 5 potions of curing
 l - 5 potions of haste
 n - 2 potions of lignification
 u - a potion of ambrosia
 I - 2 potions of flight
 K - 2 potions of magic
 L - a potion of cancellation
 N - 2 potions of berserk rage
 O - a potion of degeneration


   Skills:
 + Level 12.3 Fighting
 + Level 8.2 Axes
 + Level 3.9 Armour
 - Level 8.2 Shields
 * Level 3.7 Invocations


You had 10 spell levels left.
You didn't know any spells.
Your spell library contained the following spells:

 Spells                   Type           Power      Damage    Failure   Level
 Beastly Appendage        Tmut           0%         N/A       99%         1
 Magic Dart               Conj           0%         1d3       99%         1
 Sting                    Tmut/Pois      0%         1d3       99%         1
 Poisonous Vapours        Pois/Air       0%         N/A       99%         2
 Searing Ray              Conj           0%         2d4       99%         2
 Wereblood                Tmut           0%         N/A       99%         2
 Frozen Ramparts          Ice            0%         1d1       100%        3
 Mephitic Cloud           Conj/Pois/Air  0%         N/A       100%        3
 Ozocubu's Armour         Ice            0%         N/A       100%        3
 Spider Form              Tmut/Pois      0%         N/A       100%        3
 Vhi's Electric Charge    Tloc/Air       0%         N/A       100%        3
 Fulminant Prism          Conj/Hex       0%         3d5       100%        4
 Ice Form                 Ice/Tmut       0%         N/A       100%        4
 Olgreb's Toxic Radiance  Pois           0%         N/A       100%        4
 Arcjolt                  Conj/Air       0%         1d10      100%        5
 Plasma Beam              Fire/Air       0%         2x1d11    100%        6
 Ozocubu's Refrigeration  Ice            0%         4d7       100%        7
 Call Imp                 Summ           Unusable   N/A       N/A         2
 Summon Ice Beast         Ice/Summ       Unusable   N/A       N/A         4

Dungeon Overview and Level Annotations

Branches:
Dungeon (11/15)            Temple (1/1) D:7            Lair (0/5) D:11
    Orc: D:9-12

Altars:
Ashenzari
Cheibriados
Dithmenos
Fedhas
Gozag
Hepliaklqana
Kikubaaqudgha
Makhleb
Nemelex Xobeh
Okawaru
Qazlal
Ru
Sif Muna
Trog
Uskayaw
Vehumet
Wu Jian
Xom
Yredelemnul

Shops:
D:2 =   D:3 !


Innate Abilities, Weirdness & Mutations

You have a pair of small horns on your head.
You frequently emit foul miasma when damaged in melee.
You sometimes gain a little power by taking damage.
When seriously injured, your blood forms armour. (AC +6)


Message History

The electric eel shoots out a bolt of lightning at you!
The bolt of electricity hits you!
The bolt of electricity hits you but does no damage.
The electric eel shoots out a bolt of lightning at you!
The bolt of electricity hits you. The bolt of electricity hits you!
The bolt of electricity hits the electric eel.
The electric eel completely resists.
The electric eel shoots out a bolt of lightning at you!
The bolt of electricity hits the electric eel.
The electric eel completely resists.
The bolt of electricity hits you.
You slice the electric eel!!
Your weapon exudes an aura of protection.
You kill the electric eel!
Okawaru accepts your kill.
You slash the komodo dragon!
The electric eel shoots out a bolt of lightning at you!
The bolt of electricity hits you.
* * * LOW HITPOINT WARNING * * *
The komodo dragon bites you but does no damage.
You are confused.
You feel invigorated.
The electric eel shoots out a bolt of lightning at you!
The bolt of electricity hits you but does no damage.
The komodo dragon bites you but does no damage.
Found a staircase to the Lair.
The electric eel shoots out a bolt of lightning at you!
The bolt of electricity hits you!
* * * LOW HITPOINT WARNING * * *
The komodo dragon barely misses you.
You miss the komodo dragon. Your headbutt misses the komodo dragon.
The komodo dragon is lightly wounded.
The electric eel shoots out a bolt of lightning at you!
The bolt of electricity hits you but does no damage.
The komodo dragon bites you!!
* * * LOW HITPOINT WARNING * * *
The electric eel shoots out a bolt of lightning at you!
The bolt of electricity hits you!
* * * LOW HITPOINT WARNING * * *
You feel better.
You feel less invigorated. The komodo dragon bites you!!
You die...

####....#.###.######.###
#....#.#.....#......###
#......#.).#.#.#.##...##
#......#####...........####
#.........÷.....#####.....#
###############.....#...).#
#.....)...........#†.#
#.............~..###.##
#.~....l@...~....# #..#
#....~.~~~≈≈≈~...# #..#
#.~~~.S.≈≈≈≈~....# #..##
....~~~~~≈≈≈≈..... #...##
....~≈≈~~≈≈≈≈~≈~.. #.....
#.~~≈~.~.~.≈≈≈≈~.. #####.
#..~≈~....~~≈≈≈~. #...#.
..≈~.~.>..≈≈≈≈~ #.#.#.
#.#<#.


You could see a komodo dragon and an electric eel.

Vanquished Creatures
  Harold (D:9)
  A gargoyle (D:11)
  A troll (D:9)
  5 hornets
  Prince Ribbit (D:7)
  A shadow (D:10)
  A wyvern (D:7)
  7 yaks
  7 steam dragons
  An acid dragon (D:9)
  A water moccasin (D:8)
  Duvessa (D:7)
  2 black bears
  2 sky beasts (D:7)
  3 orc warriors
  4 ogres
  A phantom (D:5)
  A wolf (D:11)
  A centaur (D:9)
  2 kobold brigands (D:9)
  3 bullfrogs
  3 necrophages (D:6)
  4 scorpions
  A water moccasin zombie (D:6)
  Dowan (D:7)
  4 wights
  4 killer bees (D:8)
  3 howler monkeys (D:9)
  An electric eel (D:11)
  A bullfrog zombie (D:6)
  11 hounds
  3 jellies
  2 gnoll boudas
  A human zombie (D:6)
  7 orc priests
  Crazy Yiuf (D:3)
  2 sleepcaps (D:5)
  Jessica (D:3)
  7 iguanas
  10 orc wizards
  A killer bee zombie (D:6)
  3 mummies (D:6)
  A howler monkey zombie (D:6)
  9 gnolls
  11 adders
  A shadow imp (D:6)
  2 ufetubi
  A worm (D:2)
  A dart slug (D:1)
  31 orcs
  5 bats
  4 endoplasms
  2 giant cockroaches
  9 goblins
  3 hobgoblins
  10 jackals
  A quokka (D:2)
  4 ball pythons
  10 frilled lizards
  11 kobolds
  3 rats (D:3)
237 creatures vanquished.

Vanquished Creatures (others)
  2 orc wizards
2 creatures vanquished.

Grand Total: 239 creatures vanquished

Notes
Turn   | Place    | Note
-------+----------+-------------------------------------------
     0 | D:1      | lonewolfV2 the Demonspawn Fighter began the quest for the
                  | Orb.
     0 | D:1      | Reached XP level 1. HP: 18/18 MP: 1/1
    34 | D:1      | Found a faded altar of an unknown god.
   468 | D:1      | Gained mutation: When seriously injured, your blood forms
                  | armour. (AC +6) [demonic ancestry]
   468 | D:1      | Reached XP level 2. HP: 21/24 MP: 2/2
   855 | D:2      | Gained mutation: You may rarely emit foul miasma when
                  | damaged in melee. [demonic ancestry]
   855 | D:2      | Reached XP level 3. HP: 16/30 MP: 3/3
  1069 | D:2      | Found Laisymar's Jewellery Boutique.
  1144 | D:2      | Found a shimmering blue altar of Sif Muna.
  1592 | D:3      | Reached skill level 4 in Fighting
  1660 | D:3      | Gained mutation: You sometimes emit foul miasma when
                  | damaged in melee. [demonic ancestry]
  1660 | D:3      | Reached XP level 4. HP: 31/37 MP: 4/4
  2308 | D:3      | Noticed Jessica
  2316 | D:3      | Killed Jessica
  2317 | D:3      | Reached XP level 5. HP: 38/43 MP: 5/5
  2581 | D:3      | Found Gegon's Distillery.
  2590 | D:3      | Bought a potion of heal wounds for 65 gold pieces
  2762 | D:3      | Found a runed translucent door.
  2763 | D:3      | Noticed Crazy Yiuf
  2912 | D:3      | HP: 1/43 [Crazy Yiuf/+2 quarterstaff of chaos (2)]
  2913 | D:3      | Killed Crazy Yiuf
  3168 | D:4      | Reached skill level 5 in Fighting
  3173 | D:4      | Reached XP level 6. HP: 27/51 MP: 6/6
  3454 | D:4      | Identified the +6 chain mail of Oblivion {rPois Str+4}
  3841 | D:4      | Found a hazy altar of Hepliaklqana.
  3999 | D:4      | Reached skill level 6 in Fighting
  4427 | D:4      | Reached XP level 7. HP: 55/58 MP: 7/7
  4582 | D:5      | Entered Level 5 of the Dungeon
  4823 | D:5      | Reached skill level 7 in Fighting
  4931 | D:5      | Gained mutation: You sometimes gain a little power by
                  | taking damage. [demonic ancestry]
  4931 | D:5      | Reached XP level 8. HP: 59/67 MP: 8/8
  4933 | D:5      | Reached skill level 5 in Shields
  5395 | D:5      | Reached skill level 5 in Axes
  5487 | D:6      | Reached skill level 8 in Fighting
  6079 | D:6      | Found a basalt altar of Yredelemnul.
  6503 | D:6      | Reached XP level 9. HP: 75/75 MP: 9/9
  6543 | D:6      | Reached skill level 9 in Fighting
  7038 | D:7      | Found a broken altar of Ashenzari.
  7053 | D:7      | Noticed Dowan
  7053 | D:7      | Noticed Duvessa
  7064 | D:7      | Killed Duvessa
  7070 | D:7      | Killed Dowan
  7181 | D:7      | Noticed Prince Ribbit
  7188 | D:7      | Killed Prince Ribbit
  7298 | D:7      | Reached skill level 10 in Fighting
  7571 | D:7      | Found a staircase to the Ecumenical Temple.
  7577 | Temple   | Entered the Ecumenical Temple
  7686 | Temple   | Became a worshipper of Warmaster Okawaru
  8242 | D:8      | Gained mutation: You frequently emit foul miasma when
                  | damaged in melee. [demonic ancestry]
  8242 | D:8      | Reached XP level 10. HP: 75/86 MP: 10/10
  8515 | D:8      | Reached * piety under Okawaru
  8519 | D:8      | Reached skill level 11 in Fighting
  9184 | D:9      | Noticed Harold
  9189 | D:9      | Reached ** piety under Okawaru
  9202 | D:9      | Killed Harold
  9208 | D:9      | Reached skill level 12 in Fighting
  9920 | D:9      | Found a burning altar of Makhleb.
 10345 | D:9      | Reached *** piety under Okawaru
 10354 | D:9      | Reached skill level 1 in Invocations
 10432 | D:9      | Gained mutation: You have a pair of small horns on your
                  | head. [demonic ancestry]
 10432 | D:9      | Reached XP level 11. HP: 84/95 MP: 12/12
 10580 | D:10     | Entered Level 10 of the Dungeon
 10595 | D:10     | Found a shimmering blue altar of Sif Muna.
 10768 | D:10     | Found a shadowy altar of Dithmenos.
 10955 | D:10     | Found a radiant altar of Vehumet.
 11327 | D:11     | Identified the +0 robe "Jiedeurr" {rN+}
 12071 | D:11     | Found a staircase to the Lair.
 12072 | D:11     | HP: 1/95 [electric eel/bolt of electricity (7)]
 12073 | D:11     | Slain by a komodo dragon

Illustrated notes

Levels and vault maps discovered:
D:1:      dpeg_arrival_fog, layout_loops_cross, basic_ecumenical_altar
D:2:      layout_basic, basic_altar, serial_shops, shop,
          nicolae_kite_square_tiling_tiny, grunt_ministairs_3
D:3:      layout_loops_ring, elyvilon_altar_1, serial_shops, shop,
          minmay_misc_feat_columns, minmay_diced_spiral, uniq_jessica,
          uniq_crazy_yiuf_cottage
D:4:      layout_layer_cave, overflow_temple_1_default
D:5:      layout_basic, grunt_ministairs_3
D:6:      layout_rooms, lemuel_mausoleum_altar_yredelemnul
D:7:      layout_gridville, old_standard_altar, minmay_temple_entry_fiery,
          kennysheep_generic_room_5, uniq_prince_ribbit1, uniq_duvessa
D:8:      layout_basic, enter_bailey_5
D:9:      layout_basic, amcnicky_altar_gilded, uniq_harold
D:10:     layout_loops_ring, nicolae_overflow_crystal_walls, led_sif_pool,
          mainiacjoe_overflow_cross_hatched
D:11:     layout_basic, erik_lair_island, erik_orc_1, nicolae_sextant
Temple:   eino_temple_lava

Skill      XL: |  1  2  3  4  5  6  7  8  9 10 11 |
---------------+----------------------------------+-----
Axes           | 2 3 4 5 6 8 |  8.2
Shields        | 3 4 5 7 8 |  8.2
Fighting       | 4 5 6 7 8 10 12 | 12.3
Armour         | 3 |  3.9
Invocations    | 1 3 |  3.7

Action                     |  1- 3 |  4- 6 |  7- 9 | 10-12 || total
---------------------------+-------+-------+-------+-------++-------
  Melee: War axe           |    70 |   124 |   278 |   255 ||   727
         Headbutt          |       |       |       |    22 ||    22
  Evoke: Wand              |       |       |       |     1 ||     1
    Use: Scroll            |     6 |     2 |     8 |     8 ||    24
         Potion            |       |     1 |       |     5 ||     6
   Stab: Confused          |       |       |     2 |       ||     2
 Armour: Scale mail        |    38 |    66 |       |       ||   104
         Chain mail        |       |    20 |   155 |   173 ||   348
  Dodge: Dodged            |    42 |    56 |    86 |    89 ||   273
  Block: Buckler           |    29 |    66 |   108 |       ||   203
         Kite shield       |       |       |    22 |   179 ||   201
